 Dungeon Crawl Stone Soup version 0.30.1-11-g7821555f0a (webtiles) character file.

Game seed: 4644418986062841516

97 GimliDwarf the Grasshopper (level 4, -2/38 HPs)
             Began as a Gnoll Warper on Jan 8, 2024.
             Slain by a cerulean imp
             ... wielding a +2 spear
             ... summoned by Natasha
              (4 damage)
             ... on level 2 of the Dungeon.
             The game lasted 00:03:17 (1766 turns).

GimliDwarf the Grasshopper (Gnoll Warper)           Turns: 1766, Time: 00:03:18

Health: -2/38      AC:  3    Str: 10    XL:     4   Next: 68%
Magic:  11/11      EV: 13    Int: 12    God:
Gold:   57         SH:  0    Dex: 14    Spells: 11/13 levels left

rFire   . . .        a - +0 falchion
rCold   . . .        (no shield)
rNeg    . . .        b - +0 leather armour
rPois   .            (no helmet)
rElec   .            (no cloak)
rCorr   .            (no gloves)
SInv    .            (no boots)
Will    .....        (no amulet)
Stlth   ++           (no ring)
HPRegen 0.26/turn    (no ring)
MPRegen 0.12/turn

%: no passive effects
@: slowed, very slow
A: fangs 1, strong nose, distributed training
a: no special abilities


You were on level 2 of the Dungeon.
You visited 1 branch of the dungeon, and saw 2 of its levels.

You collected 57 gold pieces.

Inventory:

Hand Weapons
 a - a +0 falchion (weapon)
 n - a +0 sling
Missiles
 d - a boomerang of dispersal (quivered)
Armour
 b - a +0 leather armour (worn)
Jewellery
 r - a +5 ring of evasion
Scrolls
 c - a scroll of blinking
 e - 2 scrolls of identify {unknown}
 k - a scroll of magic mapping {unknown}
 o - a scroll of enchant armour {unknown}
 q - a scroll of teleportation {unknown}
Potions
 f - 2 potions of brilliance {unknown}
 g - a potion of berserk rage {unknown}
 h - a potion of lignification {unknown}
 i - a potion of resistance {unknown}
 j - 2 potions of curing {unknown}
 l - a potion of mutation {unknown}
 m - 2 potions of might {unknown}
 p - a potion of ambrosia {unknown}


   Skills:
 + Level 4.7 Fighting
 + Level 1.2 Short Blades
 + Level 4.7 Long Blades
 + Level 1.2 Axes
 + Level 1.2 Maces & Flails
 + Level 1.2 Polearms
 + Level 1.2 Staves
 + Level 1.2 Ranged Weapons
 + Level 2.8 Throwing
 + Level 2.8 Armour
 + Level 4.7 Dodging
 + Level 1.2 Stealth
 + Level 1.2 Shields
 + Level 1.2 Unarmed Combat
 + Level 5.1 Spellcasting
 + Level 1.0 Conjurations
 + Level 1.0 Hexes
 + Level 1.0 Summonings
 + Level 1.0 Necromancy
 + Level 5.5 Translocations
 + Level 1.0 Transmutations
 + Level 1.0 Fire Magic
 + Level 1.0 Ice Magic
 + Level 1.0 Air Magic
 + Level 1.0 Earth Magic
 + Level 1.0 Poison Magic
 + Level 1.4 Invocations
 + Level 1.2 Evocations


You had 11 spell levels left.
You knew the following spells:

 Your Spells              Type           Power      Damage    Failure   Level
a - Blink                 Tloc           32%        N/A       4%          2

Your spell library contained the following spells:

 Spells                   Type           Power      Damage    Failure   Level
 Lesser Beckoning         Tloc           32%        N/A       4%          2
 Teleport Other           Tloc           16%        N/A       9%          3
 Vhi's Electric Charge    Tloc/Air       20%        N/A       21%         3
 Manifold Assault         Tloc           16%        N/A       26%         4


Dungeon Overview and Level Annotations

Branches:
Dungeon (2/15)

Altars:

Shops:
D:2 [

Annotations:
D:2 Natasha


Innate Abilities, Weirdness & Mutations

You have very sharp teeth.
Your uncanny sense of smell can sniff out nearby items.
Your experience applies equally to all skills.


Message History

Natasha casts a spell.
You shoot a sling bullet. The sling bullet barely misses Natasha.
Natasha barely misses you.
a - a +0 falchion (weapon)
Natasha claws you.
The cerulean imp hits you from afar with a +2 spear.
You hit Natasha. You bite Natasha, but do no damage.
Natasha is almost dead.
Natasha claws you! The cerulean imp closely misses you.
Natasha mumbles some strange words.
You miss Natasha.
Natasha is severely wounded.
The cerulean imp closely misses you.
The cerulean imp hits you from afar with a +2 spear.
Natasha barely misses you.
The cerulean imp hits you from afar with a +2 spear.
You hit Natasha but do no damage.
Natasha is severely wounded.
The cerulean imp hits you from afar with a +2 spear.
Natasha claws you.
* * * LOW HITPOINT WARNING * * *
The cerulean imp misses you. Natasha barely misses you.
The cerulean imp closely misses you.
You hit Natasha but do no damage. Your bite misses Natasha.
Natasha is severely wounded.
The cerulean imp barely misses you.
The cerulean imp hits you from afar with a +2 spear.
* * * LOW HITPOINT WARNING * * *
Natasha casts a spell at you. The magic dart hits you.
* * * LOW HITPOINT WARNING * * *
The cerulean imp barely misses you.
You hit Natasha but do no damage. You bite Natasha, but do no damage.
Natasha is severely wounded.
The cerulean imp hits you from afar with a +2 spear.
* * * LOW HITPOINT WARNING * * *
Natasha mumbles some strange words.
The cerulean imp closely misses you.
The cerulean imp hits you from afar with a +2 spear.
You die...

..........#.......# #.#
..............##### #.#
########......# #.#
#......################.#
#..........#............#
#####+###.##.#############
##.###555.....<........
#.....h.#.#############
#..##.@.#.#......#
#..##...#.#.####.###
#..#...............#
#..#...#<...####.#.#
#..#.......###...#.#
#..##........#.#.#.#
###########..#########.#.#.#.#
.................#.....#...#.#
################.#..#..#.###.###


You could see Natasha and 3 cerulean imps.

Vanquished Creatures
  Natasha (twice) (D:2)
  An adder (D:2)
  2 worms (D:2)
  A dart slug (D:1)
  6 ball pythons
  2 bats
  2 endoplasms
  6 goblins
  2 hobgoblins (D:1)
  2 jackals (D:2)
  A quokka (D:2)
  A kobold (D:1)
  6 rats
34 creatures vanquished.

Notes
Turn   | Place    | Note
-------+----------+-------------------------------------------
     0 | D:1      | GimliDwarf the Gnoll Warper began the quest for the Orb.
     0 | D:1      | Reached XP level 1. HP: 20/20 MP: 6/6
   199 | D:1      | Reached XP level 2. HP: 26/26 MP: 7/7
   202 | D:1      | Learned a level 2 spell: Blink
   837 | D:2      | Reached skill level 5 in Spellcasting
   837 | D:2      | Reached XP level 3. HP: 31/31 MP: 7/9
  1067 | D:2      | Reached skill level 1 in Invocations
  1165 | D:2      | Noticed Natasha
  1168 | D:2      | Killed Natasha
  1169 | D:2      | Reached skill level 1 in Short Blades
  1169 | D:2      | Reached skill level 1 in Axes
  1169 | D:2      | Reached skill level 1 in Maces & Flails
  1169 | D:2      | Reached skill level 1 in Polearms
  1169 | D:2      | Reached skill level 1 in Staves
  1169 | D:2      | Reached skill level 1 in Ranged Weapons
  1169 | D:2      | Reached skill level 1 in Stealth
  1169 | D:2      | Reached skill level 1 in Shields
  1169 | D:2      | Reached skill level 1 in Unarmed Combat
  1169 | D:2      | Reached skill level 1 in Evocations
  1169 | D:2      | Reached XP level 4. HP: 38/38 MP: 11/11
  1180 | D:2      | Found Kolinav's Armour Shoppe.
  1470 | D:2      | Noticed Natasha
  1476 | D:2      | Killed Natasha
  1477 | D:2      | Reached skill level 1 in Conjurations
  1477 | D:2      | Reached skill level 1 in Hexes
  1477 | D:2      | Reached skill level 1 in Summonings
  1477 | D:2      | Reached skill level 1 in Necromancy
  1477 | D:2      | Reached skill level 1 in Transmutations
  1477 | D:2      | Reached skill level 1 in Fire Magic
  1477 | D:2      | Reached skill level 1 in Ice Magic
  1477 | D:2      | Reached skill level 1 in Air Magic
  1477 | D:2      | Reached skill level 1 in Earth Magic
  1477 | D:2      | Reached skill level 1 in Poison Magic
  1753 | D:2      | Noticed Natasha
  1766 | D:2      | Slain by a cerulean imp

Illustrated notes

Levels and vault maps discovered:
D:1:      dpeg_arrival_boxorama, layout_rooms, serial_forest,
          infiniplex_forest_lined_3, infiniplex_forest_lined_3_way,
          infiniplex_forest_corner_1, infiniplex_forest_clump_medium,
          infiniplex_forest_end_3, infiniplex_forest_zigzag_2,
          infiniplex_forest_straight_1, amcnicky_mini_rare_corridor_liquid
D:2:      layout_basic, serial_shops, shop, uniq_natasha

Skill      XL: |  1  2  3  4 |
---------------+-------------+-----
Spellcasting   | 5 |  5.1
Invocations    | 1 |  1.4
Short Blades   | 1 |  1.2
Axes           | 1 |  1.2
Maces & Flails | 1 |  1.2
Polearms       | 1 |  1.2
Staves         | 1 |  1.2
Ranged Weapons | 1 |  1.2
Stealth        | 1 |  1.2
Shields        | 1 |  1.2
Unarmed Combat | 1 |  1.2
Evocations     | 1 |  1.2
Conjurations   | 1 |  1.0
Hexes          | 1 |  1.0
Summonings     | 1 |  1.0
Necromancy     | 1 |  1.0
Transmutations | 1 |  1.0
Fire Magic     | 1 |  1.0
Ice Magic      | 1 |  1.0
Air Magic      | 1 |  1.0
Earth Magic    | 1 |  1.0
Poison Magic   | 1 |  1.0
Fighting       | |  4.7
Long Blades    | |  4.7
Throwing       | |  2.8
Armour         | |  2.8
Dodging        | |  4.7
Translocations | |  5.5

Action                     |  1- 3 |  4- 6 || total
---------------------------+-------+-------++-------
  Melee: Falchion          |    86 |    14 ||   100
         Bite              |     6 |     3 ||     9
         Punch             |     1 |       ||     1
   Fire: Sling             |    10 |    10 ||    20
  Throw: Boomerang         |     3 |     3 ||     6
 Armour: Leather armour    |    20 |     1 ||    21
  Dodge: Dodged            |    48 |    19 ||    67
